 Dungeon Crawl Stone Soup version 0.29.1-15-g9cfb28693d (webtiles) character file.

Game seed: 4765085432728484503

387 shadizar the Trooper (level 6, -1/40 HPs)
             Began as a Gargoyle Fighter on Mar 17, 2023.
             Was an Initiate of Okawaru.
             Slain by a killer bee (4 damage)
             ... on level 5 of the Dungeon.
             The game lasted 00:05:07 (5339 turns).

shadizar the Trooper (Gargoyle Fighter)             Turns: 5339, Time: 00:05:09

Health: -1/40      AC: 17    Str: 21    XL:     6   Next: 78%
Magic:  6/6        EV:  7    Int:  9    God:    Okawaru [......]
Gold:   252        SH:  4    Dex:  9    Spells: 5/5 levels left

rFire   . . .      SeeInvis .   a - +0 flail
rCold   . . .      Faith    .   c - +0 buckler
rNeg    + . .      Spirit   .   C - +0 chain mail
rPois   ∞          Reflect  .   j - +1 helmet
rElec   +          Harm     .   (no cloak)
rCorr   .          Rampage  .   (no gloves)
Will    .....                   p - +0 pair of boots
Stlth   ..........              (no amulet)
HPRegen 0.13/turn               (no ring)
MPRegen 0.10/turn               (no ring)

@: no status effects
A: sickness immunity, AC +4, negative energy resistance 1, electricity
resistance, torment resistance 1, petrification resistance
a: Renounce Religion


You were on level 5 of the Dungeon.
You worshipped Okawaru.
Okawaru was noncommittal.
You visited 1 branch of the dungeon, and saw 5 of its levels.

You collected 252 gold pieces.

Inventory:

Hand Weapons
 a - a +0 flail (weapon)
 x - a +1 hand axe of flaming
 A - a +0 whip of electrocution
Missiles
 d - a throwing net (quivered)
Armour
 c - a +0 buckler (worn)
 j - a +1 helmet (worn)
 p - a +0 pair of boots (worn)
 C - a +0 chain mail (worn)
Jewellery
 h - a ring of fire
 y - a ring of ice
Wands
 t - a wand of light (9)
 z - a wand of polymorph (9)
Scrolls
 g - a scroll of fog {unknown}
 i - a scroll of noise {unknown}
 k - 3 scrolls of amnesia {unknown}
 l - 2 scrolls of enchant weapon {unknown}
 m - 4 scrolls of identify {unknown}
 q - a scroll of vulnerability {unknown}
 s - a scroll of silence {unknown}
 u - a scroll of teleportation
Potions
 e - 2 potions of invisibility {unknown}
 f - a potion of lignification {unknown}
 n - 3 potions of attraction {unknown}
 o - a potion of mutation {unknown}
 r - 3 potions of curing {unknown}
 w - a potion of heal wounds {unknown}
 B - a potion of flight {unknown}


   Skills:
 * Level 5.4 Fighting
 + Level 4.0 Maces & Flails
 + Level 4.5 Armour
 + Level 1.0 Dodging
 + Level 4.2 Shields


You had 5 spell levels left.
You didn't know any spells.
Your spell library contained the following spells:

 Spells                   Type           Power      Damage    Failure   Level
 Portal Projectile        Hex/Tloc       0%         N/A       100%        3
 Blade Hands              Tmut           0%         N/A       100%        5
 Tukima's Dance           Hex            Unusable   N/A       N/A         3

Dungeon Overview and Level Annotations

Branches:
Dungeon (5/15)             Temple (0/1) D:4

Altars:
Elyvilon
Okawaru
Uskayaw
The Shining One

Annotations:
D:3 3 runed translucent doors, eddybrass's ghost, amateur GrFi


Innate Abilities, Weirdness & Mutations

You are immune to sickness and miasma.
Your stone body is resilient. (AC +4)
You are immune to poison.
You resist negative energy. (rN+)
You are resistant to electric shocks. (rElec)
You are resistant to unholy torment.
You are immune to petrification.


Message History

The killer bee stings you but does no damage.
The killer bee stings you.
The killer bee stings you but does no damage. x2
The killer bee attacks as you move away!
The killer bee stings you but does no damage. x2
Okay, then.
The killer bee stings you but does no damage.
The killer bee attacks as you move away!
You block the killer bee's attack. The killer bee completely misses you.
The killer bee stings you but does no damage.
The killer bee attacks as you move away!
The killer bee stings you but does no damage.
The shadow imp shouts, "Crawl home, thou frothy rump-fed pigeon-egg!"
You hear a bark!
The killer bee stings you but does no damage.
The killer bee closely misses you. The killer bee completely misses you.
The killer bee attacks as you move away!
The killer bee stings you. x2
* * * LOW HITPOINT WARNING * * *
The killer bee barely misses you.
The killer bee attacks as you move away!
The killer bee stings you.
* * * LOW HITPOINT WARNING * * *
The killer bee stings you but does no damage. x3
The killer bee attacks as you move away!
The killer bee stings you.
* * * LOW HITPOINT WARNING * * *
The killer bee barely misses you. The jackal bites you.
* * * LOW HITPOINT WARNING * * *
The jackal barks!
You hear a shout!
The jackal bites you but does no damage.
The killer bee stings you but does no damage.
There is a stone staircase leading up here.
Unknown command.
The jackal barks!
The killer bee stings you but does no damage.
The killer bee stings you.
You die...

##### ##[..##
##.....##
#.....yy#
#.....y@#
#.....hy#
##...5.##
#.......# #
##.......#
#.#.#####.......>#
#....y....#....h##
###.#.##..##...h..
..[..##..####.....


You could see 4 killer bees, a shadow imp and 3 jackals.

Vanquished Creatures
  2 scorpions (D:4)
  A hound (D:4)
  Jessica (D:3)
  8 adders
  6 gnolls (D:4)
  3 worms
  3 dart slugs
  4 orcs (D:3)
  6 ball pythons
  6 endoplasms
  3 giant cockroaches
  3 hobgoblins
  4 jackals (D:1)
  5 quokkas
  4 bats
  3 frilled lizards
  6 goblins
  6 kobolds
  2 rats
76 creatures vanquished.

Notes
Turn   | Place    | Note
-------+----------+-------------------------------------------
     0 | D:1      | shadizar the Gargoyle Fighter began the quest for the Orb.
     0 | D:1      | Reached XP level 1. HP: 14/14 MP: 1/1
   170 | D:1      | Reached XP level 2. HP: 19/19 MP: 2/2
   457 | D:1      | Found a faded altar of an unknown god.
  1196 | D:2      | Reached XP level 3. HP: 10/23 MP: 3/3
  1927 | D:2      | Reached XP level 4. HP: 29/29 MP: 4/4
  2341 | D:2      | Reached skill level 4 in Fighting
  2826 | D:3      | Found a runed translucent gate.
  2827 | D:3      | Found a runed translucent gate.
  2828 | D:3      | Found a runed translucent gate.
  2829 | D:3      | Noticed eddybrass's ghost (amateur GrFi)
  2834 | D:3      | Identified the +5 dagger of Hotast {vamp, Int+2}
  3191 | D:3      | Found a hide-covered altar of Uskayaw.
  3194 | D:3      | Found an iron altar of Okawaru.
  3199 | D:3      | Found a white marble altar of Elyvilon.
  3209 | D:3      | Became a worshipper of Warmaster Okawaru
  3300 | D:3      | Reached XP level 5. HP: 33/33 MP: 5/5
  3421 | D:3      | Noticed Jessica
  3427 | D:3      | Killed Jessica
  3884 | D:4      | Found a staircase to the Ecumenical Temple.
  3914 | D:4      | Reached skill level 5 in Fighting
  3914 | D:4      | Reached XP level 6. HP: 5/40 MP: 6/6
  4352 | D:4      | Found a glowing golden altar of the Shining One.
  4706 | D:4      | Reached skill level 1 in Dodging
  5198 | D:5      | Entered Level 5 of the Dungeon
  5339 | D:5      | Slain by a killer bee

Illustrated notes

Levels and vault maps discovered:
D:1:      noname_arrival_rooms_in_the_neighbourhood, layout_basic,
          shapermc_ecumenical_altar_mp_highgroup, corexii_hall_statues_t,
          st_stairs_6
D:2:      layout_basic
D:3:      layout_loops_corners, grunt_temple_overflow_diamond,
          gammafunk_ghost_split, uniq_jessica
D:4:      layout_basic, nicolae_tso_swordbearing_angel, temple_fountains
D:5:      layout_rooms, ebering_ghost_disaster_area, serial_shops, shop,
          serial_bayou_crossing

Skill      XL: |  1  2  3  4  5  6 |
---------------+-------------------+-----
Fighting       | 4 5 |  5.4
Armour         | 4 |  4.5
Shields        | 4 |  4.2
Maces & Flails | 3 4 |  4.0
Dodging        | 1 |  1.0

Action                   |  1- 3 |  4- 6 || total
-------------------------+-------+-------++-------
Melee: Flail             |   110 |   198 ||   308
  Use: Scroll            |     1 |       ||     1
       Potion            |       |     1 ||     1
Armor: Scale mail        |    82 |   108 ||   190
       Chain mail        |       |    28 ||    28
Dodge: Dodged            |    70 |   113 ||   183
Block: Buckler           |    39 |    41 ||    80
